 Dungeon Crawl Stone Soup version 0.31-a0-66-ge618eeaa78 (webtiles) character file.

Game seed: 2288242056697804070

1393 lunkers the Cruncher (level 9, -9/78 (79) HPs)
             Began as a Meteoran Wanderer on May 22, 2023.
             Was an Initiate of Gozag.
             Mangled by an orc warrior
             ... wielding a +0 halberd
              (25 damage)
             ... on level 7 of the Dungeon.
             The game lasted 00:15:00 (2689 turns).

lunkers the Cruncher (Meteoran Wanderer)            Turns: 2689, Time: 00:15:01

HP:   -9/78 (79)    AC: 20    Str: 15    XL:     9   Next: 20%
MP:   16/16         EV:  8    Int: 13    God:    Gozag
Gold: 254           SH:  5    Dex: 16    Spells: 16/16 levels left

rFire   + . .        b - +4 quarterstaff (chaos)
rCold   . . .        (shield currently unavailable)
rNeg    . . .        A - +5 chain mail "Boadiwk" {rF+ Regen+ Dex-2}
rPois   .            (no helmet)
rElec   .            z - scarf {repulsion}
rCorr   .            h - +2 pair of gloves
SInv    .            (no boots)
Will    ++...        x - amulet of reflection Stlth
                     n - ring of willpower
HPRegen 1.13/turn    B - +4 ring of protection
MPRegen 0.15/turn

%: repel missiles, reflection
@: gold aura, glowing, lightly drained
A: sense surroundings 2, otherworldly, glowing, explore regen
a: Renounce Religion, Potion Petition, Call Merchant, Bribe Branch


You were on level 7 of the Dungeon.
You worshipped Gozag.
Gozag was aware of your devotion.
You visited 2 branches of the dungeon, and saw 7 of its levels.

You collected 331 gold pieces.
You paid 77 gold pieces to Gozag.

Inventory:

Hand Weapons
 a - a +1 dagger of flaming
 b - a +4 quarterstaff of chaos (weapon)
 j - a +3 short sword of protection
Missiles
 c - 13 boomerangs
 d - 3 throwing nets
Armour
 g - a +0 cloak
 h - a +2 pair of gloves (worn)
 v - a +3 scale mail of cold resistance
 z - a scarf of repulsion (worn)
 A - the +5 chain mail "Boadiwk" (worn) {rF+ Regen+ Dex-2}
   (You found it on level 6 of the Dungeon)

   Dex:       It affects your dexterity (-2).
   rF:        It protects you from fire.
   Regen:     It increases your rate of health regeneration.
Jewellery
 n - a ring of willpower (left hand)
 s - an amulet of the acrobat
 w - a +6 ring of intelligence
 x - an amulet of reflection (around neck)
 B - a +4 ring of protection (right hand)
 C - a ring of wizardry
Wands
 p - a wand of polymorph (5)
 t - a wand of flame (3)
Scrolls
 i - a scroll of poison
 l - a scroll of magic mapping
 y - a scroll of enchant armour
Potions
 e - a potion of attraction
 f - a potion of heal wounds {unknown}
 k - a potion of magic
 m - a potion of berserk rage {unknown}
 o - a potion of haste {unknown}
 q - a potion of brilliance {unknown}
 r - 2 potions of mutation
 u - 2 potions of enlightenment


   Skills:
 - Level 7.4 Fighting
 - Level 2.8 Short Blades
 + Level 8.5 Staves
 - Level 2.4 Throwing
 - Level 3.6 Dodging
 - Level 1.0 Stealth
 - Level 4.0 Spellcasting
 - Level 1.2 Invocations


You had 16 spell levels left.
You didn't know any spells.
Your spell library contained the following spells:

 Spells                   Type           Power      Damage    Failure   Level
 Shock                    Conj/Air       4%         1d3       99%         1
 Lesser Beckoning         Tloc           4%         N/A       99%         2
 Gell's Gravitas          Tloc           2%         N/A       100%        3
 Inner Flame              Hex/Fire       1%         N/A       100%        3
 Stone Arrow              Conj/Erth      2%         3d7       100%        3
 Teleport Other           Tloc           2%         N/A       100%        3
 Yara's Violent Unravell  Hex/Tmut       0%         3d3       100%        5
 Dispersal                Tloc           1%         N/A       100%        6
 Enfeeble                 Hex            1%         N/A       100%        7


Dungeon Overview and Level Annotations

Branches:
Dungeon (7/15) Zot: 1186   Temple (1/1) D:6 Zot: 296

Altars:
Ashenzari
Cheibriados
Dithmenos
Fedhas
Gozag
Hepliaklqana
Kikubaaqudgha
Okawaru
Ru
Sif Muna
Trog
Uskayaw
Vehumet
Wu Jian
Xom
Yredelemnul
Zin
The Shining One


Innate Abilities, Weirdness & Mutations

You passively map the area around you.
You are easily found by Zot.
You glow in the dark.
You regain HP and MP as you explore.


Message History

The orc warrior hits you but does no damage.
The orc barely misses you. Something hits you but does no damage.
Unknown command.
You strike the helpless orc warrior from behind!
You hit the orc warrior. You burn the orc warrior.
The orc warrior is severely wounded.
The orc warrior hits you with a +0 halberd.
* * * LOW HITPOINT WARNING * * *
The orc hits you but does no damage. Something hits you but does no damage.
You completely miss the orc warrior.
The orc warrior is severely wounded.
The orc warrior hits you with a +0 halberd.
* * * LOW HITPOINT WARNING * * *
You hit the orc warrior.
The orc warrior is severely wounded.
The orc warrior hits you but does no damage.
The orc warrior hits itself but does no damage.
You block the orc's attack. Something hits you.
* * * LOW HITPOINT WARNING * * *
Unknown command.
Unknown command.
You sock the orc warrior!
The orc warrior is poisoned.
The orc warrior is almost dead.
The orc hits you but does no damage. Something hits you but does no damage.
Unknown command.
You hit the orc warrior but do no damage.
The orc warrior is almost dead.
The orc warrior closely misses you. The orc hits you but does no damage.
Something hits you but does no damage.
Unknown command.
You strike the helpless orc warrior from behind!
You hit the orc warrior.
The orc warrior looks as sick as possible!
The orc warrior is almost dead.
The orc warrior hits you with a +0 halberd!
* * * LOW HITPOINT WARNING * * *
The orc closely misses you. Something hits you but does no damage.
The orc warrior hits you with a +0 halberd!!
You die...
Your body crumbles into a pile of gold.

, ,, , * ###.......# * ,
##.........# ,,
*#..........#* . ,
...........##.. *
............... ,
............... , * ,
*#.......{...... ,
#...o@o.:....,, * ..###
####$........ ,
.......#####...#...... ,,
, .............####.....
, #...........##
.....,,,,,,
#...........#### *....
#..............###....
#.....................,,,
, * #.................,


You could see an orc warrior (berserk, confused, extremely poisoned) and an orc.

Vanquished Creatures
  Grinder (D:6)
  A wraith (D:6)
  An orc warrior (D:6)
  A sky beast (D:7)
  A centaur (D:6)
  A bullfrog (D:7)
  8 wights (D:7)
  A hound (D:6)
  Crazy Yiuf (D:6)
  A sleepcap (D:6)
  3 iguanas
  Ijyb (D:3)
  4 gnolls (D:7)
  2 adders (D:2)
  An ufetubus (D:7)
  4 worms
  A dart slug (D:3)
  7 orcs
  4 ball pythons
  2 bats (D:2)
  2 endoplasms
  3 giant cockroaches
  7 goblins
  3 hobgoblins
  A quokka (D:3)
  A frilled lizard (D:1)
  8 kobolds
  5 rats
76 creatures vanquished.

Notes
Turn   | Place    | Note
-------+----------+-------------------------------------------
     0 | D:1      | lunkers the Meteoran Wanderer began the quest for the Orb.
     0 | D:1      | lunkers set off with the following items: a +0 dagger, 3
                  | throwing nets, 7 boomerangs, a +0 leather armour, a potion
                  | of attraction; and the following spell memorised: Shock;
                  | and the following spells available to memorise: Stone
                  | Arrow.
     0 | D:1      | Reached XP level 1. HP: 14/14 MP: 6/6
   103 | D:1      | Reached skill level 1 in Fighting
   148 | D:1      | Reached XP level 2. HP: 15/23 MP: 8/8
   586 | D:2      | HP: 1/25 [worm (7)]
   599 | D:2      | Reached XP level 3. HP: 11/30 MP: 9/9
   818 | D:2      | Reached XP level 4. HP: 38/38 MP: 11/11
  1132 | D:3      | Noticed Ijyb
  1156 | D:3      | Killed Ijyb
  1157 | D:3      | Reached XP level 5. HP: 25/47 MP: 12/12
  1443 | D:4      | Reached skill level 5 in Fighting
  1454 | D:4      | Found an iron altar of Okawaru.
  1455 | D:4      | You fall into a shaft and drop 3 floors!
  1566 | D:6      | Noticed a wraith
  1566 | D:6      | Noticed a centaur
  1585 | D:6      | Killed a centaur
  1586 | D:6      | Reached XP level 6. HP: 25/57 MP: 13/13
  1592 | D:6      | Killed a wraith
  1593 | D:6      | Reached XP level 7. HP: 18/66 MP: 14/14
  1697 | D:6      | Identified the +5 chain mail "Boadiwk" {rF+ Regen+ Dex-2}
  1791 | D:6      | Found a staircase to the Ecumenical Temple.
  1799 | Temple   | Entered the Ecumenical Temple
  2068 | Temple   | Became a worshipper of Gozag Ym Sagoz the Greedy
  2132 | D:6      | Found a runed translucent door.
  2133 | D:6      | Noticed Crazy Yiuf
  2146 | D:6      | Killed Crazy Yiuf
  2209 | D:6      | Reached skill level 1 in Staves
  2225 | D:6      | Noticed Grinder
  2230 | D:6      | Killed Grinder
  2231 | D:6      | Reached skill level 4 in Staves
  2231 | D:6      | Reached XP level 8. HP: 73/73 MP: 15/15
  2264 | D:6      | Found a broken altar of Ashenzari.
  2264 | D:6      | Found a radiant altar of Vehumet.
  2393 | D:7      | Reached skill level 5 in Staves
  2473 | D:7      | Reached skill level 6 in Staves
  2514 | D:7      | Reached skill level 7 in Staves
  2525 | D:7      | Gained mutation: You passively map the area around you.
                  | [Meteoran growth]
  2525 | D:7      | Reached XP level 9. HP: 66/78 MP: 16/16
  2569 | D:7      | Reached skill level 8 in Staves
  2689 | D:7      | Mangled by an orc warrior

Illustrated notes

Levels and vault maps discovered:
D:1:      amcnicky_arrival_blooded_trapdoor, layout_basic
D:2:      layout_rooms, minmay_pentomino_w4
D:3:      layout_loops_cross, amethyst_overflow_temple_binary, uniq_ijyb
D:4:      layout_gridville, mainiacjoe_overflow_concentric_impassable,
          minmay_misc_feat_secret_circle, dk_vineyard_1, minmay_divided_ellipse
D:6:      kennysheep_big_flooded_room, layout_gridville,
          gammafunk_temple_overflow_wave, minmay_temple_entry_grid,
          minmay_misc_feat_diagonals, uniq_grinder, uniq_crazy_yiuf_cottage
D:7:      layout_cave_pods
Temple:   nicolae_temple_bog_church

Skill      XL: |  1  2  3  4  5  6  7  8  9 |
---------------+----------------------------+-----
Fighting       | 1 2 3 4 6 7 |  7.4
Short Blades   | 2 |  2.8
Staves         | 4 7 8 |  8.5
Throwing       | |  2.4
Dodging        | |  3.6
Stealth        | |  1.0
Spellcasting   | |  4.0
Invocations    | |  1.2

Action                     |  1- 3 |  4- 6 |  7- 9 || total
---------------------------+-------+-------+-------++-------
  Melee: Dagger            |   131 |    49 |       ||   180
         Punch             |     1 |       |     1 ||     2
         Short sword       |       |    79 |    86 ||   165
         Quarterstaff      |       |       |   102 ||   102
  Evoke: Wand              |       |       |    11 ||    11
    Use: Potion            |       |     2 |       ||     2
         Scroll            |       |       |    10 ||    10
   Stab: Confused          |       |       |     2 ||     2
         Petrifying        |       |       |     1 ||     1
 Armour: Leather armour    |    47 |     8 |       ||    55
         Ring mail         |       |     7 |       ||     7
         Scale mail        |       |    68 |    40 ||   108
         Chain mail        |       |       |    83 ||    83
  Dodge: Dodged            |    48 |    76 |    59 ||   183
  Block: Other             |       |       |    18 ||    18

Table legend: (Time is in decaauts)
 A = Elapsed time spent in this place.
 B = Non-inter-level travel time spent in this place.
 C = Inter-level travel time spent in this place.
 D = Time resting spent in this place.
 E = Time spent auto-exploring this place.
 F = Levels seen in this place.
 G = Mean time per level.
                   A        B        C        D        E       F      G
               +--------+--------+--------+--------+--------+-----+--------+
         Total |   2716 |   2510 |    206 |      0 |   1358 |   7 |  388.0 |
       Dungeon |   2413 |   2262 |    151 |      0 |   1176 |   6 |  402.2 |
        Temple |    303 |    248 |     55 |      0 |    182 |   1 |  303.0 |
               +--------+--------+--------+--------+--------+-----+--------+

Top non-repeatable levels by time:
     D:6: 530 daAuts
     D:3: 490 daAuts
     D:1: 470 daAuts
     D:2: 446 daAuts
     D:7: 430 daAuts
  Temple: 303 daAuts
     D:4: 44 daAuts
